Workbook
Name Champ: #REF!

Sheet Carnet
G1: Agreement Reference | H1: (Tous)
G2: Project Status | H2: APPROVED
G3: Operational Entity | H3: Direction 1
G4: Task Bus. Segm. Lev3 Code | H4: M36
C6: Marge en % | D6: Marge | E6: Revenu Projet | F6: Coût actuel | G6: Étiquettes de lignes | H6: FINAL Customer Name | I6: Project Manager | J6: Task Number | K6: Task End Date | L6: Total Revenu | M6: Somme de Actual Revenue at end of Previous Month | N6: Somme de Revenue Backlog | O6: Somme de Revenue Current Month | P6: Somme de JAN-14 | Q6: Somme de FEB-14 | R6: Somme de MAR-14 | S6: Somme de APR-14 | T6: Somme de MAY-14 | U6: Somme de JUN-14 | V6: Somme de JUL-14 | W6: Somme de AUG-14 | X6: Somme de SEP-14 | Y6: Somme de OCT-14 | Z6: Somme de NOV-14 | AA6: Somme de DEC-14
C7: =1-(F7/E7) -> 0.77610095 | D7: =E7-F7 -> 12054.4 | E7: =GETPIVOTDATA("Total Revenu",G7,"Project Number",G7,"Project Manager",I7,"Task Number",J7,"Task End Date",K7,"FINAL Customer Name",H7) -> 15532 | F7: =SUMPRODUCT(('SRV_PRJLIST_FD_CO.6 du 07-02-14'!$A$2:$A$34=Carnet!G7)*('SRV_PRJLIST_FD_CO.6 du 07-02-14'!$AA$2:$AA$34=Carnet!J7)*('SRV_PRJLIST_FD_CO.6 du 07-02-14'!$AF$2:$AF$34)) -> 3477.6 | G7: B12D075 | H7: Client 01 | I7: Jacques | J7: 1 | K7: 41670 | L7: 15532 | M7: 15532 | N7: 0 | P7: 15532
C8: =1-(F8/E8) -> 0.9424585 | D8: =E8-F8 -> 11753.4 | E8: =GETPIVOTDATA("Total Revenu",G8,"Project Number",G8,"Project Manager",I8,"Task Number",J8,"Task End Date",K8,"FINAL Customer Name",H8) -> 12471 | F8: =SUMPRODUCT(('SRV_PRJLIST_FD_CO.6 du 07-02-14'!$A$2:$A$34=Carnet!G8)*('SRV_PRJLIST_FD_CO.6 du 07-02-14'!$AA$2:$AA$34=Carnet!J8)*('SRV_PRJLIST_FD_CO.6 du 07-02-14'!$AF$2:$AF$34)) -> 717.6 | G8: B12D085 | H8: Client 18 | I8: Jacques | J8: 1 | K8: 41639 | L8: 12471 | M8: 12471 | N8: 0
C9: =1-(F9/E9) -> 0.62480649 | D9: =E9-F9 -> 26879.8 | E9: =GETPIVOTDATA("Total Revenu",G9,"Project Number",G9,"Project Manager",I9,"Task Number",J9,"Task End Date",K9,"FINAL Customer Name",H9) -> 43021 | F9: =SUMPRODUCT(('SRV_PRJLIST_FD_CO.6 du 07-02-14'!$A$2:$A$34=Carnet!G9)*('SRV_PRJLIST_FD_CO.6 du 07-02-14'!$AA$2:$AA$34=Carnet!J9)*('SRV_PRJLIST_FD_CO.6 du 07-02-14'!$AF$2:$AF$34)) -> 16141.2 | G9: B12T017 | H9: Client 28 | I9: Jean | J9: 1 | K9: 41729 | L9: 43021 | M9: 29250 | N9: 13771 | R9: 13771
C10: =1-(F10/E10) -> 0.12819306 | D10: =E10-F10 -> 187366.98 | E10: =GETPIVOTDATA("Total Revenu",G10,"Project Number",G10,"Project Manager",I10,"Task Number",J10,"Task End Date",K10,"FINAL Customer Name",H10) -> 1461600 | F10: =SUMPRODUCT(('SRV_PRJLIST_FD_CO.6 du 07-02-14'!$A$2:$A$34=Carnet!G10)*('SRV_PRJLIST_FD_CO.6 du 07-02-14'!$AA$2:$AA$34=Carnet!J10)*('SRV_PRJLIST_FD_CO.6 du 07-02-14'!$AF$2:$AF$34)) -> 1274233 | G10: B12N071 | H10: Client 33 | I10: Micheline | J10: 1 | K10: 41882 | L10: 1461600 | M10: 1461600 | N10: 0
C11: =1-(F11/E11) -> 0.74239382 | D11: =E11-F11 -> 76912 | E11: =GETPIVOTDATA("Total Revenu",G11,"Project Number",G11,"Project Manager",I11,"Task Number",J11,"Task End Date",K11,"FINAL Customer Name",H11) -> 103600 | F11: =SUMPRODUCT(('SRV_PRJLIST_FD_CO.6 du 07-02-14'!$A$2:$A$34=Carnet!G11)*('SRV_PRJLIST_FD_CO.6 du 07-02-14'!$AA$2:$AA$34=Carnet!J11)*('SRV_PRJLIST_FD_CO.6 du 07-02-14'!$AF$2:$AF$34)) -> 26688 | G11: B12N071 | H11: Client 33 | I11: Micheline | J11: 2 | K11: 41882 | L11: 103600 | M11: 103600 | N11: 0
C12: =1-(F12/E12) -> 1 | D12: =E12-F12 -> 44400 | E12: =GETPIVOTDATA("Total Revenu",G12,"Project Number",G12,"Project Manager",I12,"Task Number",J12,"Task End Date",K12,"FINAL Customer Name",H12) -> 44400 | F12: =SUMPRODUCT(('SRV_PRJLIST_FD_CO.6 du 07-02-14'!$A$2:$A$34=Carnet!G12)*('SRV_PRJLIST_FD_CO.6 du 07-02-14'!$AA$2:$AA$34=Carnet!J12)*('SRV_PRJLIST_FD_CO.6 du 07-02-14'!$AF$2:$AF$34)) -> 0 | G12: B12N071 | H12: Client 33 | I12: Micheline | J12: 3 | K12: 41882 | L12: 44400 | M12: 44400 | N12: 0
C13: =1-(F13/E13) -> 1 | D13: =E13-F13 -> 88000 | E13: =GETPIVOTDATA("Total Revenu",G13,"Project Number",G13,"Project Manager",I13,"Task Number",J13,"Task End Date",K13,"FINAL Customer Name",H13) -> 88000 | F13: =SUMPRODUCT(('SRV_PRJLIST_FD_CO.6 du 07-02-14'!$A$2:$A$34=Carnet!G13)*('SRV_PRJLIST_FD_CO.6 du 07-02-14'!$AA$2:$AA$34=Carnet!J13)*('SRV_PRJLIST_FD_CO.6 du 07-02-14'!$AF$2:$AF$34)) -> 0 | G13: B12N071 | H13: Client 33 | I13: Micheline | J13: 4 | K13: 41882 | L13: 88000 | N13: 88000 | W13: 88000
C14: =1-(F14/E14) -> 1 | D14: =E14-F14 -> 548860 | E14: =GETPIVOTDATA("Total Revenu",G14,"Project Number",G14,"Project Manager",I14,"Task Number",J14,"Task End Date",K14,"FINAL Customer Name",H14) -> 548860 | F14: =SUMPRODUCT(('SRV_PRJLIST_FD_CO.6 du 07-02-14'!$A$2:$A$34=Carnet!G14)*('SRV_PRJLIST_FD_CO.6 du 07-02-14'!$AA$2:$AA$34=Carnet!J14)*('SRV_PRJLIST_FD_CO.6 du 07-02-14'!$AF$2:$AF$34)) -> 0 | G14: B12N071 | H14: Client 33 | I14: Micheline | J14: 5 | K14: 41882 | L14: 548860 | N14: 548860 | O14: 164658 | R14: 548860
C15: =1-(F15/E15) -> 0.37768421 | D15: =E15-F15 -> 3588 | E15: =GETPIVOTDATA("Total Revenu",G15,"Project Number",G15,"Project Manager",I15,"Task Number",J15,"Task End Date",K15,"FINAL Customer Name",H15) -> 9500 | F15: =SUMPRODUCT(('SRV_PRJLIST_FD_CO.6 du 07-02-14'!$A$2:$A$34=Carnet!G15)*('SRV_PRJLIST_FD_CO.6 du 07-02-14'!$AA$2:$AA$34=Carnet!J15)*('SRV_PRJLIST_FD_CO.6 du 07-02-14'!$AF$2:$AF$34)) -> 5912 | G15: B12T022 | H15: Client 49 | I15: Christine | J15: 1 | K15: 41729 | L15: 9500 | M15: 9500 | N15: 0
C16: =1-(F16/E16) -> 0.95630933 | D16: =E16-F16 -> 26896.2 | E16: =GETPIVOTDATA("Total Revenu",G16,"Project Number",G16,"Project Manager",I16,"Task Number",J16,"Task End Date",K16,"FINAL Customer Name",H16) -> 28125 | F16: =SUMPRODUCT(('SRV_PRJLIST_FD_CO.6 du 07-02-14'!$A$2:$A$34=Carnet!G16)*('SRV_PRJLIST_FD_CO.6 du 07-02-14'!$AA$2:$AA$34=Carnet!J16)*('SRV_PRJLIST_FD_CO.6 du 07-02-14'!$AF$2:$AF$34)) -> 1228.8 | G16: B12E55592 | H16: Client 55 | I16: Marc | J16: 1 | K16: 41729 | L16: 28125 | M16: 28125 | N16: 0
C17: =1-(F17/E17) -> -0.44515465 | D17: =E17-F17 -> -13845.2 | E17: =GETPIVOTDATA("Total Revenu",G17,"Project Number",G17,"Project Manager",I17,"Task Number",J17,"Task End Date",K17,"FINAL Customer Name",H17) -> 31102 | F17: =SUMPRODUCT(('SRV_PRJLIST_FD_CO.6 du 07-02-14'!$A$2:$A$34=Carnet!G17)*('SRV_PRJLIST_FD_CO.6 du 07-02-14'!$AA$2:$AA$34=Carnet!J17)*('SRV_PRJLIST_FD_CO.6 du 07-02-14'!$AF$2:$AF$34)) -> 44947.2 | G17: B13T032 | H17: Client 64 | I17: Christophe | J17: 1 | K17: 41729 | L17: 31102 | M17: 31102 | N17: 0
C18: =1-(F18/E18) -> 0.72535321 | D18: =E18-F18 -> 26080.8 | E18: =GETPIVOTDATA("Total Revenu",G18,"Project Number",G18,"Project Manager",I18,"Task Number",J18,"Task End Date",K18,"FINAL Customer Name",H18) -> 35956 | F18: =SUMPRODUCT(('SRV_PRJLIST_FD_CO.6 du 07-02-14'!$A$2:$A$34=Carnet!G18)*('SRV_PRJLIST_FD_CO.6 du 07-02-14'!$AA$2:$AA$34=Carnet!J18)*('SRV_PRJLIST_FD_CO.6 du 07-02-14'!$AF$2:$AF$34)) -> 9875.2 | G18: B13T047 | H18: Client 71 | I18: Marc | J18: 1 | K18: 41729 | L18: 35956 | M18: 35956 | N18: 0 | R18: 35956
C19: =1-(F19/E19) -> -0.29154143 | D19: =E19-F19 -> -1358 | E19: =GETPIVOTDATA("Total Revenu",G19,"Project Number",G19,"Project Manager",I19,"Task Number",J19,"Task End Date",K19,"FINAL Customer Name",H19) -> 4658 | F19: =SUMPRODUCT(('SRV_PRJLIST_FD_CO.6 du 07-02-14'!$A$2:$A$34=Carnet!G19)*('SRV_PRJLIST_FD_CO.6 du 07-02-14'!$AA$2:$AA$34=Carnet!J19)*('SRV_PRJLIST_FD_CO.6 du 07-02-14'!$AF$2:$AF$34)) -> 6016 | G19: B13T071 | H19: Client 74 | I19: Dominique | J19: 001 | K19: 41729 | L19: 4658 | M19: 4658 | N19: 0
C20: =1-(F20/E20) -> -0.13103448 | D20: =E20-F20 -> -190 | E20: =GETPIVOTDATA("Total Revenu",G20,"Project Number",G20,"Project Manager",I20,"Task Number",J20,"Task End Date",K20,"FINAL Customer Name",H20) -> 1450 | F20: =SUMPRODUCT(('SRV_PRJLIST_FD_CO.6 du 07-02-14'!$A$2:$A$34=Carnet!G20)*('SRV_PRJLIST_FD_CO.6 du 07-02-14'!$AA$2:$AA$34=Carnet!J20)*('SRV_PRJLIST_FD_CO.6 du 07-02-14'!$AF$2:$AF$34)) -> 1640 | G20: B12N052 | H20: Client 80 | I20: Sophie | J20: CQFD / UPG DS42432 | K20: 41364 | L20: 1450 | N20: 1450
C21: =1-(F21/E21) -> 0.24964192 | D21: =E21-F21 -> 5716.8 | E21: =GETPIVOTDATA("Total Revenu",G21,"Project Number",G21,"Project Manager",I21,"Task Number",J21,"Task End Date",K21,"FINAL Customer Name",H21) -> 22900 | F21: =SUMPRODUCT(('SRV_PRJLIST_FD_CO.6 du 07-02-14'!$A$2:$A$34=Carnet!G21)*('SRV_PRJLIST_FD_CO.6 du 07-02-14'!$AA$2:$AA$34=Carnet!J21)*('SRV_PRJLIST_FD_CO.6 du 07-02-14'!$AF$2:$AF$34)) -> 17183.2 | G21: B12N052 | H21: Client 80 | I21: Sophie | J21: CQFD/TS3500 | K21: 42735 | L21: 22900 | N21: 22900
C22: =1-(F22/E22) -> -2.0163934 | D22: =E22-F22 -> -1230 | E22: =GETPIVOTDATA("Total Revenu",G22,"Project Number",G22,"Project Manager",I22,"Task Number",J22,"Task End Date",K22,"FINAL Customer Name",H22) -> 610 | F22: =SUMPRODUCT(('SRV_PRJLIST_FD_CO.6 du 07-02-14'!$A$2:$A$34=Carnet!G22)*('SRV_PRJLIST_FD_CO.6 du 07-02-14'!$AA$2:$AA$34=Carnet!J22)*('SRV_PRJLIST_FD_CO.6 du 07-02-14'!$AF$2:$AF$34)) -> 1840 | G22: B12N052 | H22: Client 80 | I22: Sophie | J22: CQFD/1DS140702 | K22: 41363 | L22: 610 | N22: 610
C23: =1-(F23/E23) -> 1 | D23: =E23-F23 -> 3000 | E23: =GETPIVOTDATA("Total Revenu",G23,"Project Number",G23,"Project Manager",I23,"Task Number",J23,"Task End Date",K23,"FINAL Customer Name",H23) -> 3000 | F23: =SUMPRODUCT(('SRV_PRJLIST_FD_CO.6 du 07-02-14'!$A$2:$A$34=Carnet!G23)*('SRV_PRJLIST_FD_CO.6 du 07-02-14'!$AA$2:$AA$34=Carnet!J23)*('SRV_PRJLIST_FD_CO.6 du 07-02-14'!$AF$2:$AF$34)) -> 0 | G23: B12N052 | H23: Client 80 | I23: Sophie | J23: cqfd/mer/ps3 | K23: 41330 | L23: 3000 | N23: 3000
G24: Total général | L24: 2454785 | M24: 1776194 | N24: 678591 | O24: 164658 | P24: 15532 | R24: 598587 | W24: 88000

Sheet SRV_BACKREV_FD_CO.5 du 06-02-14
A1: Period | B1: Direction | C1: Division | D1: Business Unit | E1: Operational Entity | F1: Engineering Center | G1: Task Cost Center | H1: Project Number | I1: Project Cost Center | J1: Project name | K1: Project Status | L1: Contract Type | M1: Activity | N1: Project Bus. Segm. Lev1 | O1: Project Bus. Segm. Lev2 | P1: Project Bus. Segm. Lev3 | Q1: Project Manager | R1: Contract Administrator | S1: Task Number | T1: Task Name | U1: Task Start Date | V1: Task End Date | W1: Nature Of Revenue | X1: Service Type | Y1: Revenue Method | Z1: Task Bus. Segm. Lev3 Code | AA1: Task Bus. Segm. level 3 | AB1: FINAL Customer Code | AC1: FINAL Customer Name | AD1: FINAL Bill Site Number | AE1: BILLED Customer Code | AF1: BILLED Customer Name | AG1: BILLED Bill Site Number | AH1: Billed Customer Type | AI1: Org Level 1 | AJ1: Org Level 2 | AK1: Org Level 3 | AL1: Agreement Number | AM1: Agreement Reference | AN1: Total Revenue Budget | AO1: Actual Revenue at end of Previous Month | AP1: Revenue Backlog | AQ1: Revenue Current Month | AR1: JAN-14 | AS1: FEB-14 | AT1: MAR-14 | AU1: Q1-14 | AV1: APR-14 | AW1: MAY-14 | AX1: JUN-14 | AY1: Q2-14 | AZ1: H1-14 | BA1: JUL-14 | BB1: AUG-14 | BC1: SEP-14 | BD1: Q3-14 | BE1: OCT-14 | BF1: NOV-14 | BG1: DEC-14 | BH1: Q4-14 | BI1: H2-14 | BJ1: Total 2014 | BK1: Q1-15 | BL1: Q2-15 | BM1: H1-15 | BN1: Q3-15 | BO1: Q4-15 | BP1: H2-15 | BQ1: Total 2015 | BR1: Next Years | BS1: Delta | BT1: Execution Date | BU1: Last Database Update | BV1: Direction Parameter | BW1: Division Parameter | BX1: Business Unit Parameter | BY1: Operational Entity Parameter | BZ1: Engineering Center Parameter | CA1: Cost Center Parameter | CB1: Project Number Parameter | CC1: Contract Administrator Parameter | CD1: Contract Type Parameter | CE1: Service Type Parameter | CF1: Customer Type Parameter | CG1: Period Name Parameter | CH1: Org id Parameter
A2: JAN-14 | B2: France | C2: France 1 | D2: Region 1 | E2: Direction 1 | F2: Centre 1 | G2: 077 Centre1 | H2: B12D075 | I2: 077 Centre1 | J2: Sécurit 1 | K2: APPROVED | L2: FPE | M2: PBE | N2: Installation et Suivi | O2: Installation | P2: Suivi | Q2: Jacques | R2: Eglantine | S2: 1 | T2: SERVICE BILLING | U2: 41244 | V2: 41670 | W2: SERVICE | X2: Services | Y2: Event | Z2: M36 | AA2: Suivi | AB2: 0000663 | AC2: Client 01 | AD2: 0G322 | AE2: 0152916 | AF2: Client 55 | AG2: 0BZRR | AH2: EXTERNAL | AI2: DC4 | AJ2: Secteur 05 | AK2: Departement 64 | AL2: X10819762C | AN2: 15532 | AO2: 15532 | AP2: 0 | AR2: 15532 | AU2: 15532 | AY2: 0 | AZ2: 15532 | BD2: 0 | BH2: 0 | BI2: 0 | BJ2: 15532 | BK2: 0 | BL2: 0 | BM2: 0 | BN2: 0 | BO2: 0 | BP2: 0 | BQ2: 0 | BS2: -15532 | BT2: 41676.462 | BU2: 05/02/2014 | BV2: France | BW2: France 1 | BX2: Region 1 | CA2: % | CB2: % | CC2: % | CG2: 201401 | CH2: 423
A3: JAN-14 | B3: France | C3: France 1 | D3: Region 1 | E3: Direction 1 | F3: Centre 1 | G3: 077 Centre1 | H3: B12D085 | I3: 077 Centre1 | J3: DISCO7 | K3: APPROVED | L3: FPE | M3: PBE | N3: Installation et Suivi | O3: Installation | P3: Suivi | Q3: Jacques | R3: Eglantine | S3: 1 | T3: SERVICE BILLING | U3: 41244 | V3: 41639 | W3: SERVICE | X3: Services | Y3: Event | Z3: M36 | AA3: Suivi | AB3: 0154566 | AC3: Client 18 | AD3: 0B513 | AE3: 0152916 | AF3: Client 55 | AG3: 0BZRR | AH3: EXTERNAL | AI3: DC4 | AJ3: Secteur 05 | AK3: Departement 64 | AL3: X10862694C | AN3: 12471 | AO3: 12471 | AP3: 0 | AU3: 0 | AY3: 0 | AZ3: 0 | BD3: 0 | BH3: 0 | BI3: 0 | BJ3: 0 | BK3: 0 | BL3: 0 | BM3: 0 | BN3: 0 | BO3: 0 | BP3: 0 | BQ3: 0 | BS3: 0 | BT3: 41676.462 | BU3: 05/02/2014 | BV3: France | BW3: France 1 | BX3: Region 1 | CA3: % | CB3: % | CC3: % | CG3: 201401 | CH3: 423
A4: JAN-14 | B4: France | C4: France 1 | D4: Region 1 | E4: Direction 1 | F4: Centre 1 | G4: 077 Centre1 | H4: B12T017 | I4: 077 Centre1 | J4: DISCO6 | K4: APPROVED | L4: FPE | M4: PBE | N4: Installation et Suivi | O4: Installation | P4: Suivi | Q4: Jean | R4: Ernestine | S4: 1 | T4: SERVICE BILLING | U4: 41091 | V4: 41729 | W4: SERVICE | X4: Services | Y4: Event | Z4: M36 | AA4: Suivi | AB4: 0141499 | AC4: Client 28 | AD4: 0BJV5 | AE4: 0152916 | AF4: Client 55 | AG4: 0BWED | AH4: EXTERNAL | AI4: DC4 | AJ4: Secteur 05 | AK4: Departement 12 | AL4: X10492274 | AN4: 43021 | AO4: 29250 | AP4: 13771 | AT4: 13771 | AU4: 13771 | AY4: 0 | AZ4: 13771 | BD4: 0 | BH4: 0 | BI4: 0 | BJ4: 13771 | BK4: 0 | BL4: 0 | BM4: 0 | BN4: 0 | BO4: 0 | BP4: 0 | BQ4: 0 | BS4: 0 | BT4: 41676.462 | BU4: 05/02/2014 | BV4: France | BW4: France 1 | BX4: Region 1 | CA4: % | CB4: % | CC4: % | CG4: 201401 | CH4: 423
A5: JAN-14 | B5: France | C5: France 1 | D5: Region 1 | E5: Direction 1 | F5: Centre 1 | G5: 077 Centre1 | H5: B12N071 | I5: 077 Centre1 | J5: Calimero | K5: APPROVED | L5: FPE | M5: PBE | N5: Installation et Suivi | O5: Installation | P5: Suivi | Q5: Micheline | R5: Michel | S5: 1 | T5: SERVICE BILLING | U5: 41263 | V5: 41882 | W5: SERVICE | X5: Services | Y5: Event | Z5: M36 | AA5: Suivi | AB5: 0027101 | AC5: Client 33 | AD5: 0BYFD | AE5: 0027101 | AF5: Client 33 | AG5: 0BYFD | AH5: EXTERNAL | AI5: DC5 | AJ5: Secteur 03 | AK5: Departement 23 | AL5: 8930-4200117783 | AN5: 1461600 | AO5: 1461600 | AP5: 0 | AU5: 0 | AY5: 0 | AZ5: 0 | BD5: 0 | BH5: 0 | BI5: 0 | BJ5: 0 | BK5: 0 | BL5: 0 | BM5: 0 | BN5: 0 | BO5: 0 | BP5: 0 | BQ5: 0 | BS5: 0 | BT5: 41676.462 | BU5: 05/02/2014 | BV5: France | BW5: France 1 | BX5: Region 1 | CA5: % | CB5: % | CC5: % | CG5: 201401 | CH5: 423
A6: JAN-14 | B6: France | C6: France 1 | D6: Region 1 | E6: Direction 1 | F6: Centre 1 | G6: 077 Centre1 | H6: B12N071 | I6: 077 Centre1 | J6: Calimero | K6: APPROVED | L6: FPE | M6: PBE | N6: Installation et Suivi | O6: Installation | P6: Suivi | Q6: Micheline | R6: Michel | S6: 2 | T6: SERVICE BILLING | U6: 41306 | V6: 41882 | W6: SERVICE | X6: Services | Y6: Event | Z6: M36 | AA6: Suivi | AB6: 0027101 | AC6: Client 33 | AD6: 0BYFD | AE6: 0027101 | AF6: Client 33 | AG6: 0BYFD | AH6: EXTERNAL | AI6: DC5 | AJ6: Secteur 03 | AK6: Departement 23 | AL6: 8930-4200120341 | AN6: 103600 | AO6: 103600 | AP6: 0 | AU6: 0 | AY6: 0 | AZ6: 0 | BD6: 0 | BH6: 0 | BI6: 0 | BJ6: 0 | BK6: 0 | BL6: 0 | BM6: 0 | BN6: 0 | BO6: 0 | BP6: 0 | BQ6: 0 | BS6: 0 | BT6: 41676.462 | BU6: 05/02/2014 | BV6: France | BW6: France 1 | BX6: Region 1 | CA6: % | CB6: % | CC6: % | CG6: 201401 | CH6: 423
A7: JAN-14 | B7: France | C7: France 1 | D7: Region 1 | E7: Direction 1 | F7: Centre 1 | G7: 077 Centre1 | H7: B12N071 | I7: 077 Centre1 | J7: Calimero | K7: APPROVED | L7: FPE | M7: PBE | N7: Installation et Suivi | O7: Installation | P7: Suivi | Q7: Micheline | R7: Michel | S7: 3 | T7: SERVICE BILLING | U7: 41263 | V7: 41882 | W7: SERVICE | X7: Services | Y7: Event | Z7: M36 | AA7: Suivi | AB7: 0027101 | AC7: Client 33 | AD7: 0BYFD | AE7: 0027101 | AF7: Client 33 | AG7: 0BYFD | AH7: EXTERNAL | AI7: DC5 | AJ7: Secteur 03 | AK7: Departement 23 | AL7: 8930-4200138597 | AM7: N | AN7: 44400 | AO7: 44400 | AP7: 0 | AU7: 0 | AY7: 0 | AZ7: 0 | BD7: 0 | BH7: 0 | BI7: 0 | BJ7: 0 | BK7: 0 | BL7: 0 | BM7: 0 | BN7: 0 | BO7: 0 | BP7: 0 | BQ7: 0 | BS7: 0 | BT7: 41676.462 | BU7: 05/02/2014 | BV7: France | BW7: France 1 | BX7: Region 1 | CA7: % | CB7: % | CC7: % | CG7: 201401 | CH7: 423
A8: JAN-14 | B8: France | C8: France 1 | D8: Region 1 | E8: Direction 1 | F8: Centre 1 | G8: 077 Centre1 | H8: B12N071 | I8: 077 Centre1 | J8: Calimero | K8: APPROVED | L8: FPE | M8: PBE | N8: Installation et Suivi | O8: Installation | P8: Suivi | Q8: Micheline | R8: Michel | S8: 4 | T8: SERVICE BILLING | U8: 41263 | V8: 41882 | W8: SERVICE | X8: Services | Y8: Event | Z8: M36 | AA8: Suivi | AB8: 0027101 | AC8: Client 33 | AD8: 0BYFD | AE8: 0027101 | AF8: Client 33 | AG8: 0BYFD | AH8: EXTERNAL | AI8: DC5 | AJ8: Secteur 03 | AK8: Departement 23 | AL8: 8930-4200146329 | AN8: 88000 | AP8: 88000 | AU8: 0 | AY8: 0 | AZ8: 0 | BB8: 88000 | BD8: 88000 | BH8: 0 | BI8: 88000 | BJ8: 88000 | BK8: 0 | BL8: 0 | BM8: 0 | BN8: 0 | BO8: 0 | BP8: 0 | BQ8: 0 | BS8: 0 | BT8: 41676.462 | BU8: 05/02/2014 | BV8: France | BW8: France 1 | BX8: Region 1 | CA8: % | CB8: % | CC8: % | CG8: 201401 | CH8: 423
A9: JAN-14 | B9: France | C9: France 1 | D9: Region 1 | E9: Direction 1 | F9: Centre 1 | G9: 077 Centre1 | H9: B12N071 | I9: 077 Centre1 | J9: Calimero | K9: APPROVED | L9: FPE | M9: PBE | N9: Installation et Suivi | O9: Installation | P9: Suivi | Q9: Micheline | R9: Michel | S9: 5 | T9: SERVICE BILLING | U9: 41263 | V9: 41882 | W9: SERVICE | X9: Services | Y9: Event | Z9: M36 | AA9: Suivi | AB9: 0027101 | AC9: Client 33 | AD9: 0BYFD | AE9: 0027101 | AF9: Client 33 | AG9: 0BYFD | AH9: EXTERNAL | AI9: DC5 | AJ9: Secteur 03 | AK9: Departement 23 | AL9: 8930-4200146806 | AN9: 548860 | AP9: 548860 | AQ9: 164658 | AT9: 548860 | AU9: 548860 | AY9: 0 | AZ9: 548860 | BD9: 0 | BH9: 0 | BI9: 0 | BJ9: 548860 | BK9: 0 | BL9: 0 | BM9: 0 | BN9: 0 | BO9: 0 | BP9: 0 | BQ9: 0 | BS9: 0 | BT9: 41676.462 | BU9: 05/02/2014 | BV9: France | BW9: France 1 | BX9: Region 1 | CA9: % | CB9: % | CC9: % | CG9: 201401 | CH9: 423
A10: JAN-14 | B10: France | C10: France 1 | D10: Region 1 | E10: Direction 1 | F10: Centre 1 | G10: 077 Centre1 | H10: B12T022 | I10: 077 Centre1 | J10: Ski/Fixation | K10: APPROVED | L10: FPE | M10: PBE | N10: Installation et Suivi | O10: Installation | P10: Suivi | Q10: Christine | R10: Patrice | S10: 1 | T10: SERVICE BILLING | U10: 41153 | V10: 41729 | W10: SERVICE | X10: Services | Y10: Event | Z10: M36 | AA10: Suivi | AB10: 0014236 | AC10: Client 49 | AD10: 0CM21 | AE10: 0014236 | AF10: Client 49 | AG10: 0CM21 | AH10: EXTERNAL | AI10: DC4 | AJ10: Secteur 05 | AK10: Departement 12 | AL10: 2012-041616 | AN10: 9500 | AO10: 9500 | AP10: 0 | AU10: 0 | AY10: 0 | AZ10: 0 | BD10: 0 | BH10: 0 | BI10: 0 | BJ10: 0 | BK10: 0 | BL10: 0 | BM10: 0 | BN10: 0 | BO10: 0 | BP10: 0 | BQ10: 0 | BS10: 0 | BT10: 41676.462 | BU10: 05/02/2014 | BV10: France | BW10: France 1 | BX10: Region 1 | CA10: % | CB10: % | CC10: % | CG10: 201401 | CH10: 423
A11: JAN-14 | B11: France | C11: France 1 | D11: Region 1 | E11: Direction 1 | F11: Centre 1 | G11: 077 Centre1 | H11: B12E55592 | I11: 077 Centre1 | J11: Protection 1 | K11: APPROVED | L11: FPE | M11: PBE | N11: Installation et Suivi | O11: Installation | P11: Suivi | Q11: Marc | R11: Katia | S11: 1 | T11: SERVICE BILLING | U11: 41172 | V11: 41729 | W11: SERVICE | X11: Services | Y11: Event | Z11: M36 | AA11: Suivi | AB11: 0152916 | AC11: Client 55 | AD11: 0BZRR | AE11: 0152916 | AF11: Client 55 | AG11: 0BZRR | AH11: EXTERNAL | AI11: DC2 | AJ11: Secteur 02 | AK11: Departement 64 | AL11: X10585414 | AN11: 28125 | AO11: 28125 | AP11: 0 | AU11: 0 | AY11: 0 | AZ11: 0 | BD11: 0 | BH11: 0 | BI11: 0 | BJ11: 0 | BK11: 0 | BL11: 0 | BM11: 0 | BN11: 0 | BO11: 0 | BP11: 0 | BQ11: 0 | BS11: 0 | BT11: 41676.462 | BU11: 05/02/2014 | BV11: France | BW11: France 1 | BX11: Region 1 | CA11: % | CB11: % | CC11: % | CG11: 201401 | CH11: 423
A12: JAN-14 | B12: France | C12: France 1 | D12: Region 1 | E12: Direction 1 | F12: Centre 1 | G12: 077 Centre1 | H12: B13T032 | I12: 077 Centre1 | J12: Securit2 | K12: APPROVED | L12: FPE | M12: PBE | N12: Installation et Suivi | O12: Installation | P12: Suivi | Q12: Christophe | R12: Francois | S12: 1 | T12: SERVICE BILLING | U12: 41371 | V12: 41729 | W12: SERVICE | X12: Services | Y12: Event | Z12: M36 | AA12: Suivi | AB12: 0154460 | AC12: Client 64 | AD12: 0B380 | AE12: 0154460 | AF12: Client 64 | AG12: 0B380 | AH12: EXTERNAL | AI12: DC3 | AJ12: Secteur 04 | AK12: Departement 15 | AL12: X99AB08042013 | AN12: 31102 | AO12: 31102 | AP12: 0 | AU12: 0 | AY12: 0 | AZ12: 0 | BD12: 0 | BH12: 0 | BI12: 0 | BJ12: 0 | BK12: 0 | BL12: 0 | BM12: 0 | BN12: 0 | BO12: 0 | BP12: 0 | BQ12: 0 | BS12: 0 | BT12: 41676.462 | BU12: 05/02/2014 | BV12: France | BW12: France 1 | BX12: Region 1 | CA12: % | CB12: % | CC12: % | CG12: 201401 | CH12: 423
A13: JAN-14 | B13: France | C13: France 1 | D13: Region 1 | E13: Direction 1 | F13: Centre 1 | G13: 077 Centre1 | H13: B13T047 | I13: 077 Centre1 | J13: Protection 2 | K13: APPROVED | L13: FPE | M13: PBE | N13: Installation et Suivi | O13: Installation | P13: Suivi | Q13: Marc | R13: Francois | S13: 1 | T13: SERVICE BILLING | U13: 41426 | V13: 41729 | W13: SERVICE | X13: Services | Y13: Event | Z13: M36 | AA13: Suivi | AB13: 0015981 | AC13: Client 71 | AD13: 02925 | AE13: 0015981 | AF13: Client 71 | AG13: 02925 | AH13: EXTERNAL | AI13: DC3 | AJ13: Secteur 04 | AK13: Departement 08 | AL13: 249M200949210613 | AM13: 464046 | AN13: 35956 | AO13: 35956 | AP13: 0 | AT13: 35956 | AU13: 35956 | AY13: 0 | AZ13: 35956 | BD13: 0 | BH13: 0 | BI13: 0 | BJ13: 35956 | BK13: 0 | BL13: 0 | BM13: 0 | BN13: 0 | BO13: 0 | BP13: 0 | BQ13: 0 | BS13: -35956 | BT13: 41676.462 | BU13: 05/02/2014 | BV13: France | BW13: France 1 | BX13: Region 1 | CA13: % | CB13: % | CC13: % | CG13: 201401 | CH13: 423
A14: JAN-14 | B14: France | C14: France 1 | D14: Region 1 | E14: Direction 1 | F14: Centre 1 | G14: 077 Centre1 | H14: B13T071 | I14: 077 Centre1 | J14: Leon | K14: APPROVED | L14: FPE | M14: PBE | N14: Installation et Suivi | O14: Installation | P14: Suivi | Q14: Dominique | R14: Francois | S14: 001 | T14: SERVICE | U14: 41598 | V14: 41729 | W14: SERVICE | X14: Services | Y14: Event | Z14: M36 | AA14: Suivi | AB14: 200148 | AC14: Client 74 | AD14: 500949 | AE14: 200148 | AF14: Client 74 | AG14: 500949 | AH14: EXTERNAL | AI14: DC3 | AJ14: Secteur 04 | AK14: Departement 15 | AL14: C38950201313112013 | AM14: N | AN14: 4658 | AO14: 4658 | AP14: 0 | AU14: 0 | AY14: 0 | AZ14: 0 | BD14: 0 | BH14: 0 | BI14: 0 | BJ14: 0 | BK14: 0 | BL14: 0 | BM14: 0 | BN14: 0 | BO14: 0 | BP14: 0 | BQ14: 0 | BS14: 0 | BT14: 41676.462 | BU14: 05/02/2014 | BV14: France | BW14: France 1 | BX14: Region 1 | CA14: % | CB14: % | CC14: % | CG14: 201401 | CH14: 423
A15: JAN-14 | B15: France | C15: France 1 | D15: Region 1 | E15: Direction 1 | F15: Centre 1 | G15: 077 Centre1 | H15: B12N052 | I15: 077 Centre1 | J15: Marche | K15: APPROVED | L15: FPE | M15: PBE | N15: Installation et Suivi | O15: Installation | P15: Suivi | Q15: Sophie | R15: Michel | S15: CQFD / UPG DS42432 | T15: SERVICE BILLING | U15: 41275 | V15: 41364 | W15: SERVICE | X15: Services | Y15: Event | Z15: M36 | AA15: Suivi | AB15: 0035463 | AC15: Client 80 | AD15: 0ASVR | AE15: 0035463 | AF15: Client 80 | AG15: 0ASVR | AH15: EXTERNAL | AI15: DC1 | AJ15: Secteur 01 | AK15: Departement 19 | AL15: 4000548419 | AM15: 458555 | AN15: 1450 | AP15: 1450 | AU15: 0 | AY15: 0 | AZ15: 0 | BD15: 0 | BH15: 0 | BI15: 0 | BJ15: 0 | BK15: 0 | BL15: 0 | BM15: 0 | BN15: 0 | BO15: 0 | BP15: 0 | BQ15: 0 | BS15: 1450 | BT15: 41676.462 | BU15: 05/02/2014 | BV15: France | BW15: France 1 | BX15: Region 1 | CA15: % | CB15: % | CC15: % | CG15: 201401 | CH15: 423
A16: JAN-14 | B16: France | C16: France 1 | D16: Region 1 | E16: Direction 1 | F16: Centre 1 | G16: 077 Centre1 | H16: B12N052 | I16: 077 Centre1 | J16: Marche | K16: APPROVED | L16: FPE | M16: PBE | N16: Installation et Suivi | O16: Installation | P16: Suivi | Q16: Sophie | R16: Michel | S16: CQFD/TS3500 | T16: SERVICE BILLING | U16: 41183 | V16: 42735 | W16: SERVICE | X16: Services | Y16: Event | Z16: M36 | AA16: Suivi | AB16: 0035463 | AC16: Client 80 | AD16: 0ASVR | AE16: 0035463 | AF16: Client 80 | AG16: 0ASVR | AH16: EXTERNAL | AI16: DC1 | AJ16: Secteur 01 | AK16: Departement 19 | AL16: P400055800351 | AM16: 460896 | AN16: 22900 | AP16: 22900 | AU16: 0 | AY16: 0 | AZ16: 0 | BD16: 0 | BH16: 0 | BI16: 0 | BJ16: 0 | BK16: 0 | BL16: 0 | BM16: 0 | BN16: 0 | BO16: 0 | BP16: 0 | BQ16: 0 | BS16: 22900 | BT16: 41676.462 | BU16: 05/02/2014 | BV16: France | BW16: France 1 | BX16: Region 1 | CA16: % | CB16: % | CC16: % | CG16: 201401 | CH16: 423
A17: JAN-14 | B17: France | C17: France 1 | D17: Region 1 | E17: Direction 1 | F17: Centre 1 | G17: 077 Centre1 | H17: B12N052 | I17: 077 Centre1 | J17: Marche | K17: APPROVED | L17: FPE | M17: PBE | N17: Installation et Suivi | O17: Installation | P17: Suivi | Q17: Sophie | R17: Michel | S17: CQFD/1DS140702 | T17: SERVICE BILLING | U17: 41244 | V17: 41363 | W17: SERVICE | X17: Services | Y17: Event | Z17: M36 | AA17: Suivi | AB17: 0035463 | AC17: Client 80 | AD17: 0ASVR | AE17: 0035463 | AF17: Client 80 | AG17: 0ASVR | AH17: EXTERNAL | AI17: DC1 | AJ17: Secteur 01 | AK17: Departement 19 | AL17: 4600250187 | AM17: 458091 | AN17: 610 | AP17: 610 | AU17: 0 | AY17: 0 | AZ17: 0 | BD17: 0 | BH17: 0 | BI17: 0 | BJ17: 0 | BK17: 0 | BL17: 0 | BM17: 0 | BN17: 0 | BO17: 0 | BP17: 0 | BQ17: 0 | BS17: 610 | BT17: 41676.462 | BU17: 05/02/2014 | BV17: France | BW17: France 1 | BX17: Region 1 | CA17: % | CB17: % | CC17: % | CG17: 201401 | CH17: 423
A18: JAN-14 | B18: France | C18: France 1 | D18: Region 1 | E18: Direction 1 | F18: Centre 1 | G18: 077 Centre1 | H18: B12N052 | I18: 077 Centre1 | J18: Marche | K18: APPROVED | L18: FPE | M18: PBE | N18: Installation et Suivi | O18: Installation | P18: Suivi | Q18: Sophie | R18: Michel | S18: cqfd/mer/ps3 | T18: SERVICE BILLING | U18: 41244 | V18: 41330 | W18: SERVICE | X18: Own Services | Y18: Event | Z18: M36 | AA18: Suivi | AB18: 0035463 | AC18: Client 80 | AD18: 0ASVR | AE18: 0035463 | AF18: Client 80 | AG18: 0ASVR | AH18: EXTERNAL | AI18: DC1 | AJ18: Secteur 01 | AK18: Departement 19 | AL18: 4600546806 | AM18: 457895 | AN18: 3000 | AP18: 3000 | AU18: 0 | AY18: 0 | AZ18: 0 | BD18: 0 | BH18: 0 | BI18: 0 | BJ18: 0 | BK18: 0 | BL18: 0 | BM18: 0 | BN18: 0 | BO18: 0 | BP18: 0 | BQ18: 0 | BS18: 3000 | BT18: 41676.462 | BU18: 05/02/2014 | BV18: France | BW18: France 1 | BX18: Region 1 | CA18: % | CB18: % | CC18: % | CG18: 201401 | CH18: 423

Sheet SRV_PRJLIST_FD_CO.6 du 07-02-14
A1: Project Number | B1: Project Name | C1: Project Cost Center | D1: Project Status | E1: Project Start Date | F1: Project End Date | G1: Project Bus. Segm. | H1: Project Creation Date | I1: FINAL Customer Code | J1: FINAL Customer Name | K1: FINAL Bill Site Number | L1: Delivery Manager | M1: Project Manager | N1: Salesman | O1: Contract Administrator | P1: Top Task Number | Q1: Top Task Name | R1: Top Task Cost Center | S1: Top Task Start Date | T1: Top Task End Date | U1: Top task Bus. Segm. | V1: Service Type | W1: BILLED Customer Code | X1: BILLED Customer Name | Y1: BILLED Bill Site Number | Z1: Agreement Number | AA1: Low Task Number | AB1: Low Task Name | AC1: Low Task Cost Center | AD1: Low Task Start Date | AE1: Low Task End Date | AF1: Actual Costs | AG1: Revenue Budget | AH1: Cost Budget | AI1: Margin (budget) | AJ1: Margin% (budget) | AK1: Ready To Bill | AL1: Ready To Accrue | AM1: Execution Date | AN1: Cost Center Parameter | AO1: Project Number Parameter | AP1: Project Status Parameter | AQ1: Project Manager Parameter | AR1: Contract Administrator Parameter | AS1: Delivery Manager Parameter | AT1: BILLED Customer Code Parameter | AU1: Project Creation Start Date Parameter | AV1: Project Creation End Date Parameter
A2: B12D075 | B2: Sécurit 1 | C2: 077 Centre1 | D2: APPROVED | E2: 41244 | F2: 41670 | G2: M36 | H2: 41256.523 | I2: 0000663 | J2: Client 01 | K2: 0G322 | L2: Marc | M2: Jacques | N2: MARIE | O2: Eglantine | P2: 1 | Q2: SERVICE BILLING | R2: 077 Centre1 | S2: 41244 | T2: 41670 | U2: M36 | V2: Services | W2: 0152916 | X2: Client 55 | Y2: 0BZRR | Z2: X10819762C | AA2: 1 | AF2: 3477.6 | AG2: 15532 | AH2: 13262 | AI2: 2270 | AJ2: 14.614988 | AK2: Y | AL2: Y | AM2: 41677.696 | AN2: % | AO2: IS%AB% | AP2: APPROVED | AQ2: % | AR2: % | AS2: % | AT2: %
A3: B12D075 | B3: Sécurit 1 | C3: 077 Centre1 | D3: APPROVED | E3: 41244 | F3: 41670 | G3: M36 | H3: 41256.523 | I3: 0000663 | J3: Client 01 | K3: 0G322 | L3: Marc | M3: Jacques | N3: MARIE | O3: Eglantine | V3: Services | W3: 0152916 | X3: Client 55 | Y3: 0BZRR | AA3: 1.1 | AB3: SERVICE COSTING | AC3: 077 Centre1 | AD3: 01-DEC-12 | AE3: 31-JAN-14 | AF3: 3477.6 | AG3: 0 | AH3: 13262 | AM3: 41677.696 | AN3: % | AO3: IS%AB% | AP3: APPROVED | AQ3: % | AR3: % | AS3: % | AT3: %
A4: B12D085 | B4: DISCO7 | C4: 077 Centre1 | D4: APPROVED | E4: 41244 | F4: 41639 | G4: M36 | H4: 41264.446 | I4: 0154566 | J4: Client 18 | K4: 0B513 | L4: Marc | M4: Jacques | N4: MARIE | O4: Eglantine | P4: 1 | Q4: SERVICE BILLING | R4: 077 Centre1 | S4: 41244 | T4: 41639 | U4: M36 | V4: Services | W4: 0152916 | X4: Client 55 | Y4: 0BZRR | Z4: X10862694C | AA4: 1 | AF4: 717.6 | AG4: 12471 | AH4: 11778 | AI4: 693 | AJ4: 5.556892 | AK4: Y | AL4: Y | AM4: 41677.696 | AN4: % | AO4: IS%AB% | AP4: APPROVED | AQ4: % | AR4: % | AS4: % | AT4: %
A5: B12D085 | B5: DISCO7 | C5: 077 Centre1 | D5: APPROVED | E5: 41244 | F5: 41639 | G5: M36 | H5: 41264.446 | I5: 0154566 | J5: Client 18 | K5: 0B513 | L5: Marc | M5: Jacques | N5: MARIE | O5: Eglantine | V5: Services | W5: 0152916 | X5: Client 55 | Y5: 0BZRR | AA5: 1.1 | AB5: SERVICE COSTING | AC5: 077 Centre1 | AD5: 01-DEC-12 | AE5: 31-DEC-13 | AF5: 717.6 | AG5: 0 | AH5: 11778 | AM5: 41677.696 | AN5: % | AO5: IS%AB% | AP5: APPROVED | AQ5: % | AR5: % | AS5: % | AT5: %
A6: B12T017 | B6: DISCO6 | C6: 077 Centre1 | D6: APPROVED | E6: 41091 | F6: 41729 | G6: M36 | H6: 41124.425 | I6: 0141499 | J6: Client 28 | K6: 0BJV5 | L6: Marc | M6: Jean | N6: Stephane | O6: Ernestine | P6: 1 | Q6: SERVICE BILLING | R6: 077 Centre1 | S6: 41091 | T6: 41729 | U6: M36 | V6: Services | W6: 0152916 | X6: Client 55 | Y6: 0BWED | Z6: X10492274 | AA6: 1 | AF6: 16141.2 | AG6: 43021 | AH6: 23717 | AI6: 19304 | AJ6: 44.871109 | AK6: Y | AL6: Y | AM6: 41677.696 | AN6: % | AO6: IS%AB% | AP6: APPROVED | AQ6: % | AR6: % | AS6: % | AT6: %
A7: B12T017 | B7: DISCO6 | C7: 077 Centre1 | D7: APPROVED | E7: 41091 | F7: 41729 | G7: M36 | H7: 41124.425 | I7: 0141499 | J7: Client 28 | K7: 0BJV5 | L7: Marc | M7: Jean | N7: Stephane | O7: Ernestine | V7: Services | W7: 0152916 | X7: Client 55 | Y7: 0BWED | AA7: 1.1 | AB7: SERVICE COSTING | AC7: 077 Centre1 | AD7: 01-JUL-12 | AE7: 31-MAR-14 | AF7: 16141.2 | AG7: 0 | AH7: 23717 | AM7: 41677.696 | AN7: % | AO7: IS%AB% | AP7: APPROVED | AQ7: % | AR7: % | AS7: % | AT7: %
A8: B12N071 | B8: Calimero | C8: 077 Centre1 | D8: APPROVED | E8: 41263 | F8: 41882 | G8: M36 | H8: 41276.617 | I8: 0027101 | J8: Client 33 | K8: 0BYFD | L8: Marc | M8: Micheline | N8: Daniela | O8: Michel | P8: 1 | Q8: SERVICE BILLING | R8: 077 Centre1 | S8: 41263 | T8: 41882 | U8: M36 | V8: Services | W8: 0027101 | X8: Client 33 | Y8: 0BYFD | Z8: 8930-4200117783 | AA8: 1 | AF8: 1274233 | AG8: 1461600 | AH8: 1115385.2 | AI8: 346214.78 | AJ8: 23.687382 | AK8: Y | AL8: Y | AM8: 41677.696 | AN8: % | AO8: IS%AB% | AP8: APPROVED | AQ8: % | AR8: % | AS8: % | AT8: %
A9: B12N071 | B9: Calimero | C9: 077 Centre1 | D9: APPROVED | E9: 41263 | F9: 41882 | G9: M36 | H9: 41276.617 | I9: 0027101 | J9: Client 33 | K9: 0BYFD | L9: Marc | M9: Micheline | N9: Daniela | O9: Michel | V9: Services | W9: 0027101 | X9: Client 33 | Y9: 0BYFD | AA9: 1.1 | AB9: SERVICE COSTING | AC9: 077 Centre1 | AD9: 20-DEC-12 | AE9: 31-AUG-14 | AF9: 1274233 | AG9: 0 | AH9: 1115385.2 | AM9: 41677.696 | AN9: % | AO9: IS%AB% | AP9: APPROVED | AQ9: % | AR9: % | AS9: % | AT9: %
A10: B12N071 | B10: Calimero | C10: 077 Centre1 | D10: APPROVED | E10: 41263 | F10: 41882 | G10: M36 | H10: 41276.617 | I10: 0027101 | J10: Client 33 | K10: 0BYFD | L10: Marc | M10: Micheline | N10: Daniela | O10: Michel | P10: 2 | Q10: SERVICE BILLING | R10: 077 Centre1 | S10: 41306 | T10: 41882 | U10: M36 | V10: Services | W10: 0027101 | X10: Client 33 | Y10: 0BYFD | Z10: 8930-4200120341 | AA10: 2 | AF10: 26688 | AG10: 103600 | AH10: 0 | AI10: 103600 | AJ10: 100 | AK10: Y | AL10: Y | AM10: 41677.696 | AN10: % | AO10: IS%AB% | AP10: APPROVED | AQ10: % | AR10: % | AS10: % | AT10: %
A11: B12N071 | B11: Calimero | C11: 077 Centre1 | D11: APPROVED | E11: 41263 | F11: 41882 | G11: M36 | H11: 41276.617 | I11: 0027101 | J11: Client 33 | K11: 0BYFD | L11: Marc | M11: Micheline | N11: Daniela | O11: Michel | V11: Services | W11: 0027101 | X11: Client 33 | Y11: 0BYFD | AA11: 2.1 | AB11: SERVICE BILLING | AC11: 077 Centre1 | AD11: 01-FEB-13 | AE11: 31-AUG-14 | AF11: 26688 | AG11: 0 | AH11: 0 | AM11: 41677.696 | AN11: % | AO11: IS%AB% | AP11: APPROVED | AQ11: % | AR11: % | AS11: % | AT11: %
A12: B12N071 | B12: Calimero | C12: 077 Centre1 | D12: APPROVED | E12: 41263 | F12: 41882 | G12: M36 | H12: 41276.617 | I12: 0027101 | J12: Client 33 | K12: 0BYFD | L12: Marc | M12: Micheline | N12: Daniela | O12: Michel | P12: 3 | Q12: SERVICE BILLING | R12: 077 Centre1 | S12: 41263 | T12: 41882 | U12: M36 | V12: Services | W12: 0027101 | X12: Client 33 | Y12: 0BYFD | Z12: 8930-4200138597 | AA12: 3 | AG12: 44400 | AH12: 0 | AI12: 44400 | AJ12: 100 | AK12: Y | AL12: Y | AM12: 41677.696 | AN12: % | AO12: IS%AB% | AP12: APPROVED | AQ12: % | AR12: % | AS12: % | AT12: %
A13: B12N071 | B13: Calimero | C13: 077 Centre1 | D13: APPROVED | E13: 41263 | F13: 41882 | G13: M36 | H13: 41276.617 | I13: 0027101 | J13: Client 33 | K13: 0BYFD | L13: Marc | M13: Micheline | N13: Daniela | O13: Michel | V13: Services | W13: 0027101 | X13: Client 33 | Y13: 0BYFD | AA13: 3.1 | AB13: SERVICE BILLING | AC13: 077 Centre1 | AD13: 20-DEC-12 | AE13: 31-AUG-14 | AF13: 0 | AG13: 0 | AH13: 0 | AM13: 41677.696 | AN13: % | AO13: IS%AB% | AP13: APPROVED | AQ13: % | AR13: % | AS13: % | AT13: %
A14: B12N071 | B14: Calimero | C14: 077 Centre1 | D14: APPROVED | E14: 41263 | F14: 41882 | G14: M36 | H14: 41276.617 | I14: 0027101 | J14: Client 33 | K14: 0BYFD | L14: Marc | M14: Micheline | N14: Daniela | O14: Michel | P14: 4 | Q14: SERVICE BILLING | R14: 077 Centre1 | S14: 41263 | T14: 41882 | U14: M36 | V14: Services | W14: 0027101 | X14: Client 33 | Y14: 0BYFD | Z14: 8930-4200146329 | AA14: 4 | AG14: 88000 | AH14: 0 | AI14: 88000 | AJ14: 100 | AK14: Y | AL14: Y | AM14: 41677.696 | AN14: % | AO14: IS%AB% | AP14: APPROVED | AQ14: % | AR14: % | AS14: % | AT14: %
A15: B12N071 | B15: Calimero | C15: 077 Centre1 | D15: APPROVED | E15: 41263 | F15: 41882 | G15: M36 | H15: 41276.617 | I15: 0027101 | J15: Client 33 | K15: 0BYFD | L15: Marc | M15: Micheline | N15: Daniela | O15: Michel | V15: Services | W15: 0027101 | X15: Client 33 | Y15: 0BYFD | AA15: 4.1 | AB15: SERVICE BILLING | AC15: 077 Centre1 | AD15: 20-DEC-12 | AE15: 31-AUG-14 | AF15: 0 | AG15: 0 | AH15: 0 | AM15: 41677.696 | AN15: % | AO15: IS%AB% | AP15: APPROVED | AQ15: % | AR15: % | AS15: % | AT15: %
A16: B12N071 | B16: Calimero | C16: 077 Centre1 | D16: APPROVED | E16: 41263 | F16: 41882 | G16: M36 | H16: 41276.617 | I16: 0027101 | J16: Client 33 | K16: 0BYFD | L16: Marc | M16: Micheline | N16: Daniela | O16: Michel | P16: 5 | Q16: SERVICE BILLING | R16: 077 Centre1 | S16: 41263 | T16: 41882 | U16: M36 | V16: Services | W16: 0027101 | X16: Client 33 | Y16: 0BYFD | Z16: 8930-4200146806 | AA16: 5 | AG16: 548860 | AH16: 0 | AI16: 548860 | AJ16: 100 | AK16: Y | AL16: Y | AM16: 41677.696 | AN16: % | AO16: IS%AB% | AP16: APPROVED | AQ16: % | AR16: % | AS16: % | AT16: %
A17: B12N071 | B17: Calimero | C17: 077 Centre1 | D17: APPROVED | E17: 41263 | F17: 41882 | G17: M36 | H17: 41276.617 | I17: 0027101 | J17: Client 33 | K17: 0BYFD | L17: Marc | M17: Micheline | N17: Daniela | O17: Michel | V17: Services | W17: 0027101 | X17: Client 33 | Y17: 0BYFD | AA17: 5.1 | AB17: SERVICE BILLING | AC17: 077 Centre1 | AD17: 20-DEC-12 | AE17: 31-AUG-14 | AF17: 0 | AG17: 0 | AH17: 0 | AM17: 41677.696 | AN17: % | AO17: IS%AB% | AP17: APPROVED | AQ17: % | AR17: % | AS17: % | AT17: %
A18: B12T022 | B18: Ski/Fixation | C18: 077 Centre1 | D18: APPROVED | E18: 41153 | F18: 41729 | G18: M36 | H18: 41239.568 | I18: 0014236 | J18: Client 49 | K18: 0CM21 | L18: Marc | M18: Christine | N18: Stephane | O18: Patrice | P18: 1 | Q18: SERVICE BILLING | R18: 077 Centre1 | S18: 41153 | T18: 41729 | U18: M36 | V18: Services | W18: 0014236 | X18: Client 49 | Y18: 0CM21 | Z18: 2012-041616 | AA18: 1 | AF18: 5912 | AG18: 9500 | AH18: 7125 | AI18: 2375 | AJ18: 25 | AK18: Y | AL18: Y | AM18: 41677.696 | AN18: % | AO18: IS%AB% | AP18: APPROVED | AQ18: % | AR18: % | AS18: % | AT18: %
A19: B12T022 | B19: Ski/Fixation | C19: 077 Centre1 | D19: APPROVED | E19: 41153 | F19: 41729 | G19: M36 | H19: 41239.568 | I19: 0014236 | J19: Client 49 | K19: 0CM21 | L19: Marc | M19: Christine | N19: Stephane | O19: Patrice | V19: Services | W19: 0014236 | X19: Client 49 | Y19: 0CM21 | AA19: 1.1 | AB19: SERVICE COSTING | AC19: 077 Centre1 | AD19: 01-SEP-12 | AE19: 31-MAR-14 | AF19: 5912 | AG19: 0 | AH19: 7125 | AM19: 41677.696 | AN19: % | AO19: IS%AB% | AP19: APPROVED | AQ19: % | AR19: % | AS19: % | AT19: %
A20: B12E55592 | B20: Protection 1 | C20: 077 Centre1 | D20: APPROVED | E20: 41172 | F20: 41729 | G20: M36 | H20: 41172.481 | I20: 0152916 | J20: Client 55 | K20: 0BZRR | M20: Marc | N20: THIERRY | O20: Katia | P20: 1 | Q20: SERVICE BILLING | R20: 077 Centre1 | S20: 41172 | T20: 41729 | U20: M36 | V20: Services | W20: 0152916 | X20: Client 55 | Y20: 0BZRR | Z20: X10585414 | AA20: 1 | AF20: 1228.8 | AG20: 28125 | AH20: 22500 | AI20: 5625 | AJ20: 20 | AK20: Y | AL20: Y | AM20: 41677.696 | AN20: % | AO20: IS%AB% | AP20: APPROVED | AQ20: % | AR20: % | AS20: % | AT20: %
A21: B12E55592 | B21: Protection 1 | C21: 077 Centre1 | D21: APPROVED | E21: 41172 | F21: 41729 | G21: M36 | H21: 41172.481 | I21: 0152916 | J21: Client 55 | K21: 0BZRR | M21: Marc | N21: THIERRY | O21: Katia | V21: Services | W21: 0152916 | X21: Client 55 | Y21: 0BZRR | AA21: 1.1 | AB21: SERVICE COSTING | AC21: 077 Centre1 | AD21: 20-SEP-12 | AE21: 31-MAR-14 | AF21: 1228.8 | AG21: 0 | AH21: 22500 | AM21: 41677.696 | AN21: % | AO21: IS%AB% | AP21: APPROVED | AQ21: % | AR21: % | AS21: % | AT21: %
A22: B13T032 | B22: Securit2 | C22: 077 Centre1 | D22: APPROVED | E22: 41371 | F22: 41729 | G22: M36 | H22: 41374.437 | I22: 0154460 | J22: Client 64 | K22: 0B380 | L22: Marc | M22: Christophe | N22: BERNARD | O22: Francois | P22: 1 | Q22: SERVICE BILLING | R22: 077 Centre1 | S22: 41371 | T22: 41729 | U22: M36 | V22: Services | W22: 0154460 | X22: Client 64 | Y22: 0B380 | Z22: X99AB08042013 | AA22: 1 | AF22: 44947.2 | AG22: 31102 | AH22: 31102 | AI22: 0 | AJ22: 0 | AK22: Y | AL22: Y | AM22: 41677.696 | AN22: % | AO22: IS%AB% | AP22: APPROVED | AQ22: % | AR22: % | AS22: % | AT22: %
A23: B13T032 | B23: Securit2 | C23: 077 Centre1 | D23: APPROVED | E23: 41371 | F23: 41729 | G23: M36 | H23: 41374.437 | I23: 0154460 | J23: Client 64 | K23: 0B380 | L23: Marc | M23: Christophe | N23: BERNARD | O23: Francois | V23: Services | W23: 0154460 | X23: Client 64 | Y23: 0B380 | AA23: 1.1 | AB23: SERVICE COSTING | AC23: 077 Centre1 | AD23: 07-APR-13 | AE23: 31-MAR-14 | AF23: 44947.2 | AG23: 0 | AH23: 31102 | AM23: 41677.696 | AN23: % | AO23: IS%AB% | AP23: APPROVED | AQ23: % | AR23: % | AS23: % | AT23: %
A24: B13T047 | B24: Protection 2 | C24: 077 Centre1 | D24: APPROVED | E24: 41426 | F24: 41729 | G24: M36 | H24: 41451.73 | I24: 0015981 | J24: Client 71 | K24: 02925 | L24: Marc | M24: Marc | N24: PATRICK | O24: Francois | P24: 1 | Q24: SERVICE BILLING | R24: 077 Centre1 | S24: 41426 | T24: 41729 | U24: M36 | V24: Services | W24: 0015981 | X24: Client 71 | Y24: 02925 | Z24: 249M200949210613 | AA24: 1 | AF24: 9875.2 | AG24: 35956 | AH24: 26960 | AI24: 8996 | AJ24: 25.019468 | AK24: Y | AL24: Y | AM24: 41677.696 | AN24: % | AO24: IS%AB% | AP24: APPROVED | AQ24: % | AR24: % | AS24: % | AT24: %
A25: B13T047 | B25: Protection 2 | C25: 077 Centre1 | D25: APPROVED | E25: 41426 | F25: 41729 | G25: M36 | H25: 41451.73 | I25: 0015981 | J25: Client 71 | K25: 02925 | L25: Marc | M25: Marc | N25: PATRICK | O25: Francois | V25: Services | W25: 0015981 | X25: Client 71 | Y25: 02925 | AA25: 1.1 | AB25: SERVICE COSTING | AC25: 077 Centre1 | AD25: 01-JUN-13 | AE25: 31-MAR-14 | AF25: 9875.2 | AG25: 0 | AH25: 26960 | AM25: 41677.696 | AN25: % | AO25: IS%AB% | AP25: APPROVED | AQ25: % | AR25: % | AS25: % | AT25: %
A26: B13T071 | B26: Leon | C26: 077 Centre1 | D26: APPROVED | E26: 41598 | F26: 41729 | G26: M36 | H26: 41598.749 | I26: 200148 | J26: Client 74 | K26: 500949 | L26: Marc | M26: Dominique | N26: PATRICK | O26: Francois | P26: 1 | Q26: SERVICE | R26: 077 Centre1 | S26: 41598 | T26: 41729 | U26: M36 | V26: Services | W26: 200148 | X26: SIER@ | Y26: 500949 | Z26: C38950201313112013 | AA26: 001 | AF26: 6016 | AG26: 4658 | AH26: 3493 | AI26: 1165 | AJ26: 25.010734 | AK26: Y | AL26: Y | AM26: 41677.696 | AN26: % | AO26: IS%AB% | AP26: APPROVED | AQ26: % | AR26: % | AS26: % | AT26: %
A27: B13T071 | B27: Leon | C27: 077 Centre1 | D27: APPROVED | E27: 41598 | F27: 41729 | G27: M36 | H27: 41598.749 | I27: 200148 | J27: Client 74 | K27: 500949 | L27: Marc | M27: Dominique | N27: PATRICK | O27: Francois | V27: Services | W27: 200148 | X27: SIER@ | Y27: 500949 | AA27: 001.1 | AB27: SERVICE COST | AC27: 077 Centre1 | AD27: 20-NOV-13 | AE27: 31-MAR-14 | AF27: 6016 | AG27: 0 | AH27: 3493 | AM27: 41677.696 | AN27: % | AO27: IS%AB% | AP27: APPROVED | AQ27: % | AR27: % | AS27: % | AT27: %
A28: B12N052 | B28: Marche | C28: 077 Centre1 | D28: APPROVED | E28: 41183 | F28: 42735 | G28: M36 | H28: 41200.432 | I28: 0035463 | J28: Client 80 | K28: 0ASVR | L28: Marc | M28: Sophie | N28: DENIS | O28: Michel | P28: CQFD / UPG DS42432 | Q28: SERVICE BILLING | R28: 077 Centre1 | S28: 41275 | T28: 41364 | U28: M36 | V28: Services | W28: 0035463 | X28: Client 80 | Y28: 0ASVR | Z28: 4000548419 | AA28: CQFD / UPG DS42432 | AF28: 1640 | AG28: 1450 | AH28: 1082 | AI28: 368 | AJ28: 25.37931 | AK28: Y | AL28: Y | AM28: 41677.696 | AN28: % | AO28: IS%AB% | AP28: APPROVED | AQ28: % | AR28: % | AS28: % | AT28: %
A29: B12N052 | B29: Marche | C29: 077 Centre1 | D29: APPROVED | E29: 41183 | F29: 42735 | G29: M36 | H29: 41200.432 | I29: 0035463 | J29: Client 80 | K29: 0ASVR | L29: Marc | M29: Sophie | N29: DENIS | O29: Michel | P29: CQFD/TS3500 | Q29: SERVICE BILLING | R29: 077 Centre1 | S29: 41183 | T29: 42735 | U29: M36 | V29: Services | W29: 0035463 | X29: Client 80 | Y29: 0ASVR | Z29: P400055800351 | AA29: CQFD/TS3500 | AF29: 17183.2 | AG29: 22900 | AH29: 17057 | AI29: 5843 | AJ29: 25.515284 | AK29: Y | AL29: Y | AM29: 41677.696 | AN29: % | AO29: IS%AB% | AP29: APPROVED | AQ29: % | AR29: % | AS29: % | AT29: %
A30: B12N052 | B30: Marche | C30: 077 Centre1 | D30: APPROVED | E30: 41183 | F30: 42735 | G30: M36 | H30: 41200.432 | I30: 0035463 | J30: Client 80 | K30: 0ASVR | L30: Marc | M30: Sophie | N30: DENIS | O30: Michel | V30: Services | W30: 0035463 | X30: Client 80 | Y30: 0ASVR | AA30: CQFD/TS3500. | AB30: SERVICE BILLING | AC30: 077 Centre1 | AD30: 01-OCT-12 | AE30: 31-DEC-16 | AF30: 17183.2 | AG30: 0 | AH30: 17057 | AM30: 41677.696 | AN30: % | AO30: IS%AB% | AP30: APPROVED | AQ30: % | AR30: % | AS30: % | AT30: %
A31: B12N052 | B31: Marche | C31: 077 Centre1 | D31: APPROVED | E31: 41183 | F31: 42735 | G31: M36 | H31: 41200.432 | I31: 0035463 | J31: Client 80 | K31: 0ASVR | L31: Marc | M31: Sophie | N31: Didier | O31: Michel | P31: CQFD/1DS140702 | Q31: SERVICE BILLING | R31: 077 Centre1 | S31: 41244 | T31: 41363 | U31: M36 | V31: Services | W31: 0035463 | X31: Client 80 | Y31: 0ASVR | Z31: 4600250187 | AA31: CQFD/1DS140702 | AF31: 1840 | AG31: 610 | AH31: 453 | AI31: 157 | AJ31: 25.737705 | AK31: Y | AL31: Y | AM31: 41677.696 | AN31: % | AO31: IS%AB% | AP31: APPROVED | AQ31: % | AR31: % | AS31: % | AT31: %
A32: B12N052 | B32: Marche | C32: 077 Centre1 | D32: APPROVED | E32: 41183 | F32: 42735 | G32: M36 | H32: 41200.432 | I32: 0035463 | J32: Client 80 | K32: 0ASVR | L32: Marc | M32: Sophie | N32: Didier | O32: Michel | V32: Services | W32: 0035463 | X32: Client 80 | Y32: 0ASVR | AA32: CQFD/1DS140702. | AB32: SERVICE BILLING | AC32: 077 Centre1 | AD32: 01-DEC-12 | AE32: 30-MAR-13 | AF32: 1840 | AG32: 0 | AH32: 453 | AM32: 41677.696 | AN32: % | AO32: IS%AB% | AP32: APPROVED | AQ32: % | AR32: % | AS32: % | AT32: %
A33: B12N052 | B33: Marche | C33: 077 Centre1 | D33: APPROVED | E33: 41183 | F33: 42735 | G33: M36 | H33: 41200.432 | I33: 0035463 | J33: Client 80 | K33: 0ASVR | L33: Marc | M33: Sophie | N33: Didier | O33: Michel | P33: cqfd/mer/ps3 | Q33: SERVICE BILLING | R33: 077 Centre1 | S33: 41244 | T33: 41330 | U33: M36 | V33: Own Services | W33: 0035463 | X33: Client 80 | Y33: 0ASVR | Z33: 4600546806 | AA33: cqfd/mer/ps3 | AG33: 3000 | AH33: 0 | AI33: 3000 | AJ33: 100 | AK33: Y | AL33: Y | AM33: 41677.696 | AN33: % | AO33: IS%AB% | AP33: APPROVED | AQ33: % | AR33: % | AS33: % | AT33: %
A34: B12N052 | B34: Marche | C34: 077 Centre1 | D34: APPROVED | E34: 41183 | F34: 42735 | G34: M36 | H34: 41200.432 | I34: 0035463 | J34: Client 80 | K34: 0ASVR | L34: Marc | M34: Sophie | O34: Michel | P34: cqfd/mer/ps3- | Q34: SERVICE BILLING | R34: 077 Centre1 | S34: 41244 | T34: 41330 | U34: M36 | V34: Services | W34: 0035463 | X34: Client 80 | Y34: 0ASVR | AA34: cqfd/mer/ps3- | AG34: 0 | AH34: 2230 | AI34: -2230 | AK34: Y | AL34: Y | AM34: 41677.696 | AN34: % | AO34: IS%AB% | AP34: APPROVED | AQ34: % | AR34: % | AS34: % | AT34: %
